 Dungeon Crawl Stone Soup version 0.30.1-3-gfc49f6343a (webtiles) character file.

Game seed: 3145140451233464065

2102 boopmooplesden the Carver (level 9, 0/75 HPs)
             Began as a Meteoran Fighter on Aug 4, 2023.
             Was a Follower of Trog.
             Slain by a two-headed ogre
             ... wielding a +0 giant spiked club
              (10 damage)
             ... on level 7 of the Dungeon.
             The game lasted 00:12:59 (3793 turns).

boopmooplesden the Carver (Meteoran Fighter)        Turns: 3793, Time: 00:13:00

Health: 0/75       AC: 12    Str: 21    XL:     9   Next: 82%
Magic:  19/19      EV: 11    Int: 13    God:    Trog [*.....]
Gold:   276        SH: 10    Dex: 14    Spells: 8/8 levels left

rFire   + . .        a - +1 long sword
rCold   . . .        x - +0 kite shield
rNeg    . . .        u - +5 ring mail "Fyipaduher" {MP+9 Stlth+}
rPois   .            z - +0 helmet
rElec   .            (no cloak)
rCorr   .            (no gloves)
SInv    +            (no boots)
Will    +....        j - amulet "Bumacs" {Regen+ Int+2}
Stlth   +            q - ring of protection from fire
HPRegen 1.12/turn    s - ring of see invisible
MPRegen 0.16/turn

%: no passive effects
@: glowing
A: sense surroundings 2, otherworldly, glowing, explore regen
a: Renounce Religion, Berserk


You were on level 7 of the Dungeon.
You worshipped Trog.
Trog was aware of your devotion.
You visited 2 branches of the dungeon, and saw 8 of its levels.

You collected 334 gold pieces.
You spent 58 gold pieces at shops.

Inventory:

Hand Weapons
 a - a +1 long sword (weapon)
 d - a +1 short sword of speed
Armour
 b - a +0 scale mail
 c - a +1 buckler
 u - the +5 ring mail "Fyipaduher" (worn) {MP+9 Stlth+}
   (You found it on level 4 of the Dungeon)

   MP:        It affects your magic capacity (+9).
   Stlth:     It makes you more stealthy.
 x - a +0 kite shield (worn)
 z - a +0 helmet (worn)
Jewellery
 j - the amulet "Bumacs" (around neck) {Regen+ Int+2}
   (You found it on level 2 of the Dungeon)

   [amulet of regeneration]

   Int:       It affects your intelligence (+2).
   Regen:     It increases your rate of health regeneration.
 m - a ring of resist corrosion
 q - a ring of protection from fire (left hand)
 s - a ring of see invisible (right hand)
 A - a ring of flight
 E - a ring of magical power
 I - a ring of fire
Wands
 F - a wand of roots (12)
 G - a wand of digging (6)
Scrolls
 g - 2 scrolls of blinking {unknown}
 k - a scroll of teleportation
 o - 2 scrolls of immolation {unknown}
 t - a scroll of noise {unknown}
 v - 2 scrolls of poison {unknown}
 w - a scroll of fear
 y - a scroll of enchant armour
 B - 2 scrolls of identify
 D - 2 scrolls of fog
Potions
 e - 2 potions of might
 f - 4 potions of attraction
 h - 2 potions of brilliance
 i - 3 potions of curing {unknown}
 l - a potion of cancellation
 n - 2 potions of lignification {unknown}
 p - 3 potions of heal wounds
 r - a potion of magic
 C - a potion of resistance {unknown}
 H - a potion of berserk rage {unknown}
 J - a potion of haste {unknown}


   Skills:
 + Level 6.0 Fighting
 + Level 9.2 Long Blades
 + Level 6.9 Armour
 + Level 4.8 Dodging
 + Level 0.2 Stealth
 + Level 6.8 Shields


You had 8 spell levels left.
You didn't know any spells.
Your spell library contained the following spells:

 Spells                   Type           Power      Damage    Failure   Level
 Beastly Appendage        Tmut           0%         N/A       69%         1
 Wereblood                Tmut           0%         N/A       83%         2
 Spider Form              Tmut/Pois      0%         N/A       96%         3
 Leda's Liquefaction      Hex/Erth       0%         N/A       100%        4
 Lee's Rapid Deconstruct  Erth           0%         3d4*      100%        5
 Statue Form              Tmut/Erth      0%         N/A       100%        6


Dungeon Overview and Level Annotations

Branches:
Dungeon (7/15) Zot: 458    Temple (1/1) D:6 Zot: 430

Altars:
Ashenzari
Cheibriados
Dithmenos
Fedhas
Gozag
Hepliaklqana
Kikubaaqudgha
Nemelex Xobeh
Okawaru
Ru
Trog
Uskayaw
Vehumet
Wu Jian
Xom
Yredelemnul
Zin
The Shining One

Shops:
D:2 !(?   D:4 [[   D:6 *


Innate Abilities, Weirdness & Mutations

You passively map the area around you.
You are easily found by Zot.
You glow in the dark.
You regain HP and MP as you explore.


Message History

You hit the two-headed ogre.
The two-headed ogre is lightly wounded.
You block the hound's attack.
The two-headed ogre hits you with a +0 giant spiked club!!
The two-headed ogre hits you with a +0 giant club!
You hit the two-headed ogre but do no damage.
The two-headed ogre is lightly wounded.
The hound bites you but does no damage. You block the hound's attack.
You block the two-headed ogre's attack.
The two-headed ogre hits you with a +0 giant club.
You slash the two-headed ogre!
The two-headed ogre is moderately wounded.
The hound closely misses you.
You hit the two-headed ogre.
The two-headed ogre is moderately wounded.
The hound bites you but does no damage.
The two-headed ogre hits you but does no damage.
The two-headed ogre hits you with a +0 giant club!
The hound closely misses you.
You hit the two-headed ogre.
The two-headed ogre is moderately wounded.
You block the hound's attack.
The two-headed ogre hits you with a +0 giant spiked club.
You block the two-headed ogre's attack. The hound bites you.
* * * LOW HITPOINT WARNING * * *
You hit the two-headed ogre but do no damage.
The two-headed ogre is moderately wounded.
The hound barely misses you.
You slash the two-headed ogre!
The two-headed ogre is heavily wounded.
You block the hound's attack.
The two-headed ogre hits you with a +0 giant spiked club!
* * * LOW HITPOINT WARNING * * *
The two-headed ogre misses you. You block the hound's attack.
You barely miss the two-headed ogre.
The two-headed ogre is heavily wounded.
The hound bites you.
* * * LOW HITPOINT WARNING * * *
The two-headed ogre hits you with a +0 giant spiked club!
You die...

#............#.
#............#. *
########'###.#. * . #.#
#... (.########### *#.#
#..# * ............ ,
,... #..# ..........#
##* #..# , ......h...#
#...
......O@..#############.
**
......................##
.....#####............#
.... #............# ...
,* #............# .., ,
#............# . ,,*
#............# , ,
#............# * , , *
#............#


You could see a two-headed ogre and a hound.

Vanquished Creatures
  3 water moccasins
  3 sky beasts (D:7)
  An orc warrior (D:7)
  3 ice beasts
  2 ogres
  A centaur (D:7)
  A phantom (D:6)
  A scorpion (D:4)
  3 killer bees (D:7)
  2 jellies
  An orc priest (D:4)
  2 hounds
  A gnoll bouda (D:4)
  4 iguanas
  4 orc wizards
  4 gnolls (D:4)
  8 adders
  2 white imps
  An ufetubus (D:4)
  6 worms
  3 dart slugs
  22 orcs
  9 ball pythons
  7 endoplasms
  4 giant cockroaches
  8 goblins
  11 hobgoblins
  5 jackals
  5 kobolds
  3 quokkas
  4 bats (D:1)
  3 frilled lizards
  4 rats
141 creatures vanquished.

Vanquished Creatures (others)
  An electric eel (D:6)
  2 orc wizards (D:6)
  An adder (D:6)
4 creatures vanquished.

Grand Total: 145 creatures vanquished

Notes
Turn   | Place    | Note
-------+----------+-------------------------------------------
     0 | D:1      | boopmooplesden the Meteoran Fighter began the quest for the
                  | Orb.
     0 | D:1      | Reached XP level 1. HP: 19/19 MP: 2/2
   224 | D:1      | Reached XP level 2. HP: 20/26 MP: 3/3
   350 | D:1      | Reached XP level 3. HP: 30/31 MP: 4/4
   376 | D:1      | Found a faded altar of an unknown god.
   400 | D:1      | HP: 1/31 [poisoned by a kobold]
   475 | D:1      | Glimpsed the power of Zot.
   486 | D:2      | Found Dabloqi's Distillery.
   524 | D:2      | Reached XP level 4. HP: 16/38 MP: 5/5
   529 | D:2      | Reached skill level 3 in Long Blades
   557 | D:2      | Identified the amulet "Bumacs" {Regen+ Int+2}
   679 | D:2      | Found Kilub's Weapon Shoppe.
   830 | D:2      | Found Sihail's Magic Scroll Emporium.
   930 | D:3      | Reached XP level 5. HP: 41/46 MP: 6/6
  1032 | D:3      | Reached skill level 4 in Long Blades
  1274 | D:4      | Reached skill level 5 in Armour
  1274 | D:4      | Reached skill level 1 in Dodging
  1274 | D:4      | Reached XP level 6. HP: 52/52 MP: 7/7
  1437 | D:4      | Reached skill level 5 in Long Blades
  1443 | D:4      | Reached XP level 7. HP: 30/59 MP: 8/8
  1448 | D:4      | Found Joag's Antique Armour Boutique.
  1728 | D:4      | Identified the +5 ring mail "Fyipaduher" {MP+9 Stlth+}
  1876 | D:4      | Found Havumn's Armour Shop.
  1896 | D:4      | Bought a +0 helmet for 58 gold pieces
  1929 | D:4      | Reached skill level 6 in Long Blades
  1990 | D:5      | Entered Level 5 of the Dungeon
  2060 | D:5      | Noticed a water moccasin
  2078 | D:5      | Killed a water moccasin
  2079 | D:5      | Reached skill level 5 in Shields
  2079 | D:5      | Reached XP level 8. HP: 21/67 MP: 9/9
  2588 | D:5      | Reached skill level 7 in Long Blades
  2672 | D:6      | Reached skill level 5 in Fighting
  2774 | D:6      | Found a staircase to the Ecumenical Temple.
  2784 | Temple   | Entered the Ecumenical Temple
  2881 | Temple   | Became a worshipper of Trog the Wrathful
  3078 | D:6      | Found Jisofu's General Store.
  3106 | D:6      | Reached skill level 8 in Long Blades
  3106 | D:6      | Gained mutation: You passively map the area around you.
                  | [Meteoran growth]
  3106 | D:6      | Reached XP level 9. HP: 67/74 MP: 10/10
  3397 | D:7      | Found a broken altar of Ashenzari.
  3575 | D:7      | Reached * piety under Trog
  3581 | D:7      | Reached skill level 9 in Long Blades
  3780 | D:7      | Noticed a two-headed ogre
  3793 | D:7      | Slain by a two-headed ogre

Illustrated notes

Levels and vault maps discovered:
D:1:      lightli_arrival_flooded_house, layout_basic, basic_ecumenical_altar
D:2:      layout_rooms, serial_shops, shop, shop, shop
D:3:      layout_rooms
D:4:      layout_loops_ring, serial_shops, nicolae_shop_hallway_plus, shop,
          minmay_joined_circles
D:5:      layout_basic, lemuel_doored_altar, kennysheep_little_box
D:6:      layout_loops_ring, minmay_temple_entry_offerings, serial_shops,
          nicolae_inconvenience_store
D:7:      lemuel_slime, layout_basic, mainiacjoe_overflow_tiny_flanked,
          kennysheep_small_square
Temple:   minmay_temple_bridge_d

Skill      XL: |  1  2  3  4  5  6  7  8  9 |
---------------+----------------------------+-----
Shields        | 4 5 6 |  6.8
Armour         | 4 5 6 |  6.9
Long Blades    | 3 4 5 6 8 9 |  9.2
Fighting       | 4 5 6 |  6.0
Dodging        | 1 2 3 4 |  4.8
Stealth        | |  0.2

Action                     |  1- 3 |  4- 6 |  7- 9 || total
---------------------------+-------+-------+-------++-------
  Melee: Long sword        |    99 |   204 |   302 ||   605
    Use: Potion            |     1 |     2 |     1 ||     4
         Scroll            |       |    12 |       ||    12
 Armour: Scale mail        |    91 |   139 |     9 ||   239
         Ring mail         |       |       |   126 ||   126
  Dodge: Dodged            |    68 |   100 |   107 ||   275
  Block: Buckler           |    32 |    77 |    13 ||   122
         Kite shield       |       |       |   121 ||   121
